 Dungeon Crawl Stone Soup version 0.19.0-11-g3fc08b3 (webtiles) character file.

864895 dorian the Infernalist (level 27, -43/319 HPs)
             Began as a Red Draconian Fire Elementalist on Nov 6, 2016.
             Was the Champion of Vehumet.
             Killed from afar by a Hell Sentinel (50 damage)
             ... with damnation
             ... on level 19 of a ziggurat on Nov 8, 2016.
             The game lasted 09:41:08 (103417 turns).

dorian the Infernalist (DrFE)                     Turns: 103417, Time: 09:41:09

Health: -43/319    AC: 36    Str: 10    XL:     27
Magic:  46/52      EV: 25    Int: 33    God:    Vehumet [******]
Gold:   3679       SH: 10    Dex: 15    Spells: 15 memorised, 2 levels left

rFire  + + .     SeeInvis +     a - staff of conjuration
rCold  x . .     Gourm    .     (armour unavailable)
rNeg   + + .     Faith    .     V - +3 buckler {rN+}
rPois  ∞         Spirit   .     v - +3 crown of Dyrovepreva {rElec Int+2 SInv}
rElec  +         Reflect  .     i - +1 cloak {rPois}
rCorr  .         Harm     .     (gloves currently unavailable)
MR     ++...                    (boots currently unavailable)
Stlth  ++........               y - amulet of magic regeneration
                                C - ring of fire
                                u - +5 ring of intelligence

@: statue-form, very slightly contaminated, hasted, delayed fireball, studying
Dodging, repel missiles, quick
A: (breathe fire), unfitting armour, stinger 1, fire resistance 1, cold-blooded,
AC +13
a: End Transformation, Renounce Religion, Release Delayed Fireball
}: 4/15 runes: barnacled, slimy, silver, gossamer


You were on level 19 of a ziggurat.
You worshipped Vehumet.
Vehumet was exalted by your worship.
You were very hungry.
You were a stone statue.
You visited 13 branches of the dungeon, and saw 60 of its levels.
You visited 1 bazaar.
You visited 1 ziggurat, and saw 19 of its levels.

You collected 8933 gold pieces.
You spent 5254 gold pieces at shops.

Inventory:

Hand Weapons
 q - a +9 demon trident of venom
Armour
 i - a +1 cloak of poison resistance (worn)
 v - the +3 crown of Dyrovepreva (worn) {rElec Int+2 SInv}
   (You found it on level 2 of the Spider Nest)

   It affects your intelligence (+2).
   It insulates you from electricity.
   It lets you see invisible.
 w - the +2 pair of boots of Uvinu (melded) {rF+ rC+ SInv}
   (You bought it in a shop on level 3 of the Depths)

   It protects you from fire.
   It protects you from cold.
   It lets you see invisible.
 x - the +1 pair of gloves "Qazxet" (melded) {+Blink rC+}
   (You bought it in a shop on level 5 of the Dungeon)

   It protects you from cold.
   It lets you blink.
 V - a +3 buckler of positive energy (worn)
Magical Staves
 a - an uncursed staff of conjuration (weapon)
Jewellery
 m - the ring of Gireddul {rElec rF+ MR+}
   (You found it on level 18 of a ziggurat)

   [ring of protection from fire]

   It protects you from fire.
   It insulates you from electricity.
   It affects your resistance to hostile enchantments.
 o - the ring of Bumat {+Blink rN+ Int+2}
   (You found it on level 3 of a ziggurat)

   [ring of positive energy]

   It affects your intelligence (+2).
   It protects you from negative energy.
   It lets you blink.
 r - the ring of Robustness {AC+8}
   (You took it off a deep elf death mage on level 3 of the Elven Halls)

   [ring of protection]

   It affects your AC (+8).
 u - a +5 ring of intelligence (left hand)
 y - an amulet of magic regeneration (around neck)
 B - an uncursed ring of resist corrosion
 C - a ring of fire (right hand)
Wands
 b - a wand of heal wounds (1/9)
 h - a wand of teleportation (5/9)
 G - a wand of acid (4/15)
 N - a wand of teleportation (4/9)
 O - a wand of hasting (3/9)
Scrolls
 d - 13 scrolls of recharging
 e - 6 scrolls of immolation
 j - 25 scrolls of remove curse
 l - a scroll of fear
 A - a scroll of amnesia
 E - 15 scrolls of teleportation
 F - 31 scrolls of identify
 J - 5 scrolls of blinking
 Q - 5 scrolls of holy word
 Z - 15 scrolls of fog
Potions
 c - 3 potions of cancellation
 f - 2 potions of haste
 g - 10 potions of heal wounds
 p - 16 potions of curing
 s - 9 potions of brilliance
 t - 4 potions of cure mutation
 P - 7 potions of ambrosia
 S - a potion of resistance
Books
 k - the Grimoire of Lucky Ignition
   (You found it on level 17 of a ziggurat)

   Spells                             Type                      Level
   a - Infusion                       Charms                       1
   b - Throw Flame                    Conjuration/Fire             2
   c - Sticky Flame                   Conjuration/Fire             4
   d - Bolt of Fire                   Conjuration/Fire             6
   e - Ring of Flames                 Charms/Fire                  7
 H - a book of Enchantments

   Spells                             Type                      Level
   a - Cause Fear                     Hexes                        4
   b - Yara's Violent Unravelling     Hexes/Transmutation          5
   c - Silence                        Hexes/Air                    5
   d - Deflect Missiles               Charms/Air                   6
   e - Discord                        Hexes                        8
 I - a book of the Sky

   Spells                             Type                      Level
   a - Summon Lightning Spire         Summoning/Air                4
   b - Airstrike                      Air                          4
   c - Silence                        Hexes/Air                    5
   d - Deflect Missiles               Charms/Air                   6
   e - Conjure Ball Lightning         Conjuration/Air              6
   f - Tornado                        Air                          9
 M - a book of the Warp

   Spells                             Type                      Level
   a - Gell's Gravitas                Hexes/Translocation          3
   b - Portal Projectile              Translocation                3
   c - Force Lance                    Conjuration/Translocation    4
   d - Dispersal                      Translocation                6
   e - Controlled Blink               Translocation                8
   f - Disjunction                    Translocation                8
 T - a manual of Dodging
 U - a Necronomicon

   Spells                             Type                      Level
   a - Haunt                          Necromancy/Summoning         7
   b - Borgnjor's Revivification      Necromancy                   8
   c - Death's Door                   Charms/Necromancy            8
   d - Infestation                    Necromancy                   8
   e - Necromutation                  Transmutation/Necromancy     8
Miscellaneous
 z - 7 sacks of spiders
 D - 2 phantom mirrors
 K - a disc of storms
Comestibles
 n - 4 meat rations
 L - 2 chunks of flesh
 W - 16 bread rations
 X - 3 royal jellies


   Skills:
 + Level 20.2 Fighting
 + Level 17.3 Dodging
 - Level 1.7 Stealth
 - Level 13.2 Shields
 + Level 25.2 Spellcasting
 O Level 27 Conjurations
 - Level 4.0 Charms
 + Level 13.6 Necromancy
 + Level 9.7 Translocations
 + Level 13.4 Transmutations
 O Level 27 Fire Magic
 + Level 10.2 Air Magic
 - Level 14.0 Earth Magic


You had 2 spell levels left.
You knew the following spells:

 Your Spells              Type           Power        Failure   Level  Hunger
a - Necromutation         Tmut/Necr      #######...   17%         8    #......
b - Fire Storm            Conj/Fire      #########.   1%          9    ####...
c - Lehudib's Crystal Sp  Conj/Erth      ########..   1%          8    #......
d - Fireball              Conj/Fire      #########.   0%          5    None
e - Statue Form           Tmut/Erth      #######..    1%          6    None
f - Bolt of Fire          Conj/Fire      #########.   0%          6    None
g - Regeneration          Chrm/Necr      #######...   1%          3    None
h - Repel Missiles        Chrm/Air       ######       1%          2    None
i - Iron Shot             Conj/Erth      ########..   1%          6    None
j - Swiftness             Chrm/Air       ######..     1%          2    None
l - Blink                 Tloc           N/A          0%          2    None
m - Sublimation of Blood  Necr           #######...   0%          2    None
n - Delayed Fireball      Conj/Fire      N/A          1%          7    None
o - Ring of Flames        Chrm/Fire      ########..   1%          7    None
p - Freezing Cloud        Conj/Ice/Air   ########..   1%          6    None


Dungeon Overview and Level Annotations

Branches:
Dungeon (15/15)            Temple (1/1) D:6            Lair (6/6) D:8
 Shoals (4/4) Lair:3       Spider (4/4) Lair:3        Slime (5/5) Lair:5
    Orc (2/2) D:11            Elf (3/3) Orc:2        Vaults (5/5) D:13
  Crypt (3/3) Vaults:3       Tomb (2/3) Crypt:3      Depths (5/5) D:15
    Zot (5/5) Depths:5

Altars:
Ashenzari
Cheibriados
Dithmenos
Elyvilon
Fedhas
Gozag
Hepliaklqana
Kikubaaqudgha
Makhleb
Nemelex Xobeh
Okawaru
Qazlal
Ru
Sif Muna
Trog
Uskayaw
Vehumet
Xom
Yredelemnul
Zin
The Shining One
Beogh
Jiyva

Shops:
D:4 !=   D:5 [   Orc:2 =[**   Elf:3 *   Shoals:3 [?*   Vaults:4 [
Depths:3 [([=*   Depths:4 [

Portals:
Hell: Depths:1 Depths:2 Depths:3 Depths:4 Depths:5
Abyss: Depths:4 Depths:5
Pandemonium: Depths:3 Depths:4 Depths:5

Annotations:
Lair:4 exclusion: downstairs, Nessos
Elf:2 3 runed doors


Innate Abilities, Weirdness & Mutations

((You can breathe blasts of fire.))
((Your fiery red scales are hard. (AC +13)))
You cannot fit into any form of body armour.
Your flesh is heat resistant. (rF+)
You are cold-blooded and may be slowed by cold attacks.
Your tail ends in a poisonous barb.


Message History

* * * LOW HITPOINT WARNING * * *
You are engulfed in roaring flames.
You resist.
* * * LOW HITPOINT WARNING * * *
You hear a roar!
You hear a shout!
You hear a roar!
The infernal demonspawn hits your fire vortex with a demon whip of electrocution.
Your fire vortex is engulfed in flames.
Your fire vortex completely resists.
Your fire vortex barely misses the Hell Sentinel.
Something hits your fire vortex!
The Tzitzimitl is engulfed in roaring flames.
The Tzitzimitl gestures at you.
You hear a sizzling sound!
The infernal black sun closely misses you.
The blizzard demon hits your fire vortex.
The blizzard demon hits your fire vortex!!
The Hell Sentinel gestures at you.
The sphere of damnation explodes!
The damnation engulfs your fire vortex.
Your fire vortex dissipates!
The damnation engulfs you!
You die...

▓▓.............
▓.∩.........42.6
▓▓..........[v§1
▓▓.....v1##2§.1
▓▓....§§##v§v§
▓▓...§§§§v§v3
▓▓..§§§v§v§§
▓▓.§§§§v§§.
▓▓8v6§§vv5
▓▓▓▓▓▓▓▓▓


You could see 2 Hell Sentinels, a Tzitzimitl, a lorocyproca (invisible), 2
demonspawn, a blizzard demon, a hellwing, a smoke demon (inner flame), an
ufetubus and 12 friendly fire vortices.

Vanquished Creatures
  the Royal Jelly (Slime:5)
  16 orbs of fire
  10 ancient liches
  3 pandemonium lords
  Sojobo (Depths:3)
  22 greater mummies
  Boris (Depths:4)
  Bai Suzhen (Depths:1)
  Saint Roka (Depths:2)
  3 Killer Klowns
  2 curse toes
  13 golden dragons
  2 profane servitors (Crypt:3)
  Nikola (Elf:3)
  Jory (Depths:3)
  Arachne (Spider:3)
  A shard shrike zombie (Crypt:3)
  5 bone dragons
  18 tentacled monstrosities
  2 Tzitzimimeh
  6 Brimstone Fiends
  A Hell Sentinel (Zig:16)
  4 electric golems
  25 Orb Guardians (Zot:5)
  6 liches
  2 Ice Fiends (Zig:16)
  7 titans
  Asterion (Depths:1)
  2 deep elf blademasters (Elf:3)
  4 tentacled starspawn (Zig:18)
  23 acid blobs
  2 deep elf master archers (Elf:3)
  7 quicksilver dragons
  13 ancient champions
  13 death cobs
  16 sphinxes
  6 Executioners
  16 shadow dragons
  Frances (D:13)
  6 tengu reavers
  Donald (Vaults:4)
  Roxanne (D:14)
  13 azure jellies
  7 storm dragons
  Ilsuiw (Shoals:4)
  7 nagarajas (Zig:13)
  The ghost of Lluna the Imperceptible, an adept SpAs of Dithmenos (Shoals:4)
  6 revenants
  8 frost giants
  13 ghost moths
  3 draconian monks
  4 deep elf sorcerers
  10 fire giants
  A ghost moth (shapeshifter) (Depths:4)
  3 warmongers
  3 corrupters
  2 draconian scorchers
  6 ghouls
  7 cacodemons
  7 curse skulls
  10 emperor scorpions
  A caustic shrike zombie (Depths:2)
  5 balrugs
  12 vault wardens
  6 draconian knights
  A black sun (Zig:16)
  A draconian zealot (Depths:5)
  9 deep elf elementalists
  42 very ugly things
  4 draconian shifters
  25 ironheart preservers
  5 draconian annihilators
  8 reapers
  2 blood saints
  2 war gargoyles
  26 stone giants
  3 draconian callers
  16 entropy weavers
  13 deep elf demonologists
  14 vampire knights
  6 bennus
  7 green draconians
  5 white draconians
  9 yellow draconians
  8 red draconians
  10 black draconians
  A spark wasp (Spider:4)
  14 deep elf annihilators
  2 mottled draconians
  5 purple draconians
  A spark wasp (shapeshifter) (Depths:4)
  7 eidola
  3 lorocyprocas
  24 ettins
  The ghost of MDvedh the Nimble, a journeyman DgFE (Lair:5)
  Snorg (Lair:3)
  4 merfolk javelineers (Shoals:4)
  17 deep elf death magi
  13 death oozes
  3 blizzard demons
  10 merfolk impalers
  12 fire dragons
  18 mummy priests
  A minotaur (shapeshifter) (Depths:4)
  12 jiangshi
  4 great orbs of eyes
  Erolcha (D:13)
  7 deep elf high priests
  19 ice dragons
  17 yaktaur captains
  6 rakshasas
  7 spriggan air magi
  41 vault guards
  5 hell beasts
  3 merfolk avatars
  3 alligator snapping turtles
  3 naga warriors (Zig:13)
  14 hydras
  4 death knights
  2 anacondas (shapeshifter)
  14 centaur warriors
  2 catoblepae (Depths:3)
  5 merfolk aquamancers
  3 anacondas
  The ghost of mistymad the Zephyrmancer, a journeyman TeAE of Sif Muna (D:11)
  2 alligators (shapeshifter)
  A satyr (Shoals:4)
  An alligator (Zig:9)
  14 dancing weapons
  Erica (D:9)
  12 deep troll shamans
  4 tengu warriors
  A queen ant (Spider:4)
  18 ogre magi
  18 death scarabs
  An orc high priest (Elf:2)
  11 vampire magi
  13 deep troll earth magi
  13 death yaks
  6 spriggan berserkers
  A shock serpent (Zig:13)
  A titan zombie (Depths:2)
  Urug (Lair:2)
  15 hell knights
  A storm dragon zombie (Vaults:2)
  4 sun demons
  A naga sharpshooter (Zig:2)
  A fire crab (shapeshifter) (Depths:4)
  7 wretched stars
  6 soul eaters
  15 deep elf knights
  6 iron trolls
  14 sea snakes
  A salamander mystic (Zig:13)
  3 spatial maelstroms (Zig:18)
  10 shadow wraiths
  2 sixfirhies
  A storm dragon skeleton (Crypt:3)
  47 deep trolls
  3 spriggan druids
  A glowing orange brain (shapeshifter) (Depths:4)
  8 wizards
  29 skeletal warriors
  2 obsidian statues
  2 swamp dragons (Zig:9)
  A sea snake (shapeshifter) (Vaults:5)
  6 glowing orange brains
  3 flayed ghosts
  An infernal demonspawn (Zig:16)
  An iron giant zombie (Crypt:1)
  A hill giant (shapeshifter) (Zig:17)
  8 hill giants
  24 deep elf archers
  A shadow demon (Zig:16)
  A spark wasp zombie (Depths:2)
  12 phantasmal warriors
  28 ironbrand convokers
  A tengu zombie (Depths:2)
  13 harpies
  2 shambling mangroves (Zig:9)
  7 starcursed masses (Zig:18)
  A lindwurm (shapeshifter) (Vaults:5)
  A sphinx zombie (Vaults:4)
  2 golden dragon skeletons
  An anaconda skeleton (Tomb:1)
  14 necromancers
  16 orb spiders
  A mana viper (shapeshifter) (Vaults:5)
  17 orc knights
  3 stone giant zombies
  2 orb spiders (shapeshifter)
  38 wolf spiders
  A salamander (Zig:13)
  63 ugly things
  A fire giant zombie (Tomb:2)
  9 orc sorcerers
  14 cyclopes
  17 manticores
  A wolf spider (shapeshifter) (Vaults:5)
  A sphinx skeleton (Depths:2)
  6 fauns
  4 tengu skeletons
  A worldbinder (Zig:18)
  65 deep elf magi
  2 black mambas (shapeshifter) (Depths:4)
  A faun (shapeshifter) (Depths:4)
  10 sirens
  9 shining eyes
  22 elephants
  30 moths of wrath
  2 frost giant skeletons (Depths:2)
  2 elf zombies
  A guardian serpent (shapeshifter) (Depths:4)
  14 black mambas
  An apocalypse crab (Zig:18)
  7 water nymphs
  A fire giant skeleton (Depths:2)
  Joseph (D:8)
  A hell hog skeleton (Crypt:3)
  2 torpor snails (shapeshifter)
  2 stone giant skeletons (Depths:2)
  15 spiny frogs
  3 naga magi
  2 eyes of devastation
  3 orange demons
  An elephant slug zombie (Crypt:1)
  4 guardian serpents
  6 torpor snails
  2 spiny frogs (shapeshifter) (Vaults:2)
  21 vault sentinels
  6 smoke demons
  A sea snake zombie (Crypt:3)
  A purple draconian zombie (Crypt:2)
  A kobold demonologist (D:15)
  A yaktaur zombie (Vaults:2)
  A hellion (Zig:16)
  A mottled draconian skeleton (Crypt:3)
  4 rime drakes
  41 yaktaurs
  An efreet (Zig:18)
  3 tormentors
  13 komodo dragons
  18 freezing wraiths
  20 guardian mummies
  17 demonic crawlers
  A minotaur zombie (Crypt:3)
  2 ancient zymes (Zig:18)
  2 komodo dragons (shapeshifter)
  A hellwing (Zig:7)
  2 ice devils (Depths:3)
  2 spriggan skeletons (Depths:2)
  A meliai (shapeshifter) (Vaults:1)
  A tengu conjurer (Depths:2)
  A yaktaur skeleton (Vaults:2)
  A jumping spider (shapeshifter) (Depths:4)
  A queen bee (shapeshifter) (Zig:17)
  4 tengu simulacra
  8 trolls
  3 tyrant leeches
  5 wind drakes
  20 two-headed ogres
  39 jumping spiders
  20 hornets
  A hornet (shapeshifter) (Depths:2)
  2 shadow dragon simulacra (Depths:2)
  2 polar bears (Lair:6)
  A raiju (Zig:18)
  28 merfolk
  A dream sheep (shapeshifter) (Depths:4)
  137 slime creatures
  15 blink frogs
  A blink frog (shapeshifter) (Vaults:1)
  13 snapping turtles
  A snapping turtle (shapeshifter) (Zig:6)
  The ghost of Kilrog the Sneak, an amateur HaAs (D:4)
  7 dream sheep
  A hippogriff (shapeshifter) (Depths:1)
  A hydra skeleton (Crypt:3)
  2 bog bodies
  2 ettin zombies
  3 small abominations
  9 large abominations
  22 hippogriffs
  17 air elementals
  A black mamba zombie (Tomb:1)
  A shadow (Crypt:2)
  2 ettin skeletons (Vaults:2)
  30 flying skulls
  60 redbacks
  A tarantella (shapeshifter) (Depths:4)
  4 wyverns
  3 spriggans
  3 vampires
  15 water elementals
  2 basilisks
  A black mamba skeleton (Crypt:2)
  19 tarantellas
  2 fire elementals
  43 yaks
  4 wraiths
  A basilisk (shapeshifter) (Elf:2)
  9 ushabtiu
  A yak (shapeshifter) (Vaults:2)
  3 ynoxinuls
  10 golden eyes
  A human (shapeshifter) (Depths:4)
  A fire bat (shapeshifter) (Vaults:4)
  3 vampire mosquitoes
  2 human simulacra
  2 hungry ghosts
  2 neqoxecs (Zig:18)
  3 steam dragons
  A yaktaur simulacrum (Vaults:4)
  11 wargs
  A chaos spawn (Depths:4)
  8 swamp worms (Spider:3)
  Menkaure (D:7)
  2 nagas (Zig:13)
  2 deep troll zombies
  A naga (shapeshifter) (Depths:4)
  20 soldier ants
  13 water moccasins
  A water moccasin (shapeshifter) (Depths:4)
  A merfolk skeleton (Crypt:2)
  2 swamp drakes (Zig:9)
  6 porcupines
  A spiny frog zombie (Crypt:2)
  A floating eye (Depths:2)
  A deep troll skeleton (Crypt:1)
  5 hell hounds
  2 phantoms
  59 orc warriors
  7 ice beasts
  4 sky beasts
  4 necrophages
  8 eyes of draining
  2 black bears (shapeshifter)
  A snapping turtle zombie (Tomb:2)
  45 ogres
  A human zombie (Vaults:2)
  3 human skeletons
  18 wolves
  26 centaurs
  21 crocodiles
  An elephant skeleton (Crypt:3)
  A lindwurm skeleton (Crypt:1)
  13 boggarts
  2 elf skeletons
  An elf simulacrum (Vaults:1)
  2 orc skeletons
  5 big kobolds
  A bullfrog (shapeshifter) (Vaults:4)
  24 bullfrogs
  4 earth elementals
  A gnoll sergeant (D:12)
  A warg zombie (Crypt:1)
  7 scorpions
  21 killer bees
  21 wights
  A vampire bat (D:13)
  5 electric eels
  5 howler monkeys
  5 centaur zombies
  11 crimson imps
  4 quasits
  26 orc priests
  2 bullfrog zombies
  3 iron imps (Depths:4)
  5 jellies
  8 centaur skeletons
  2 gnoll shamans
  4 bullfrog skeletons
  7 hounds
  55 orc wizards
  5 iguanas
  Jessica (D:2)
  Natasha (thrice) (D:3)
  30 worker ants
  A lightning spire (Zig:17)
  2 crocodile zombies (Crypt:2)
  A dwarf skeleton (Crypt:1)
  A hound zombie (D:9)
  37 mummies
  Robin (D:2)
  19 adders
  23 gnolls
  2 howler monkey skeletons
  2 shadow imps (D:6)
  An ufetubus (Depths:4)
  3 oozes
  An iguana zombie (Crypt:2)
  An adder skeleton (D:5)
  An adder zombie (D:5)
  15 worms
  3 dart slugs
  6 leopard geckos
  154 orcs
  11 bats
  8 giant cockroaches
  13 hobgoblins
  11 jackals
  4 quokkas
  3 ball pythons
  6 frilled lizards
  11 goblins
  20 kobolds
  A kobold skeleton (Crypt:2)
  A leopard gecko skeleton (D:6)
  A quokka skeleton (D:6)
  8 rats
  A rat skeleton (Crypt:3)
  2 bushes
  A butterfly (Lair:3)
  2 fire vortices
  3 fungi
  8 plants
3476 creatures vanquished.

Vanquished Creatures (collateral kills)
  An acid blob (Slime:5)
  A tentacled starspawn (Zig:18)
  2 death cobs (Zot:1)
  3 sphinxes
  A nagaraja (Zig:13)
  2 storm dragons
  A tengu reaver (Vaults:5)
  A frost giant (Vaults:5)
  A ghoul (Crypt:3)
  2 ironheart preservers
  A stone giant (Zig:17)
  A mottled draconian (Zot:5)
  2 deep elf knights (Elf:1)
  A vampire mage (Crypt:2)
  2 skeletal warriors (Crypt:2)
  A shadow dragon skeleton (Crypt:3)
  An ancient zyme (Zig:18)
  A hornet (Vaults:5)
  A slime creature (Slime:4)
  A flying skull (Tomb:2)
  A redback (Zig:15)
  3 starcursed masses (Zig:18)
  A neqoxec (Zig:18)
  A blink frog skeleton (Crypt:2)
  A mummy (Tomb:1)
  An orc (Elf:1)
  A kobold skeleton (Crypt:3)
  A starspawn tentacle (Zig:18)
37 creatures vanquished.

Vanquished Creatures (others)
  An ettin (Depths:1)
  An ogre mage (Depths:1)
  A deep elf death mage (Depths:2)
  An ice dragon (Depths:1)
  A death scarab (Tomb:2)
  A deep elf knight (Elf:1)
  3 moths of wrath (Zot:5)
  A deep elf mage (Elf:1)
  A two-headed ogre (Depths:1)
  An air elemental (Elf:2)
  A flying skull (Tomb:2)
  5 ogres (Depths:1)
  A manticore skeleton (Tomb:2)
  A small abomination (Zig:18)
  2 mummies
  An ufetubus (Depths:4)
  An orc (D:11)
  4 bushes (Depths:3)
  346 fire vortices
  25 fungi
  67 plants
  9 starspawn tentacles (Zig:18)
475 creatures vanquished.

Grand Total: 3988 creatures vanquished

Notes
Turn   | Place    | Note
-------+----------+-------------------------------------------
     0 | D:1      | dorian the Draconian Fire Elementalist began the quest for the Orb.
     0 | D:1      | Reached XP level 1. HP: 14/14 MP: 3/3
   179 | D:1      | Reached XP level 2. HP: 11/20 MP: 3/5
  1121 | D:2      | Reached XP level 3. HP: 26/26 MP: 0/6
  1199 | D:2      | Found an opulent altar of Gozag.
  1209 | D:2      | Noticed Robin
  1255 | D:2      | Killed Robin
  1350 | D:2      | Learned a level 3 spell: Conjure Flame
  1679 | D:2      | Found an ancient bone altar of Kikubaaqudgha.
  1704 | D:2      | Noticed Jessica
  1717 | D:2      | Killed Jessica
  1717 | D:2      | Reached XP level 4. HP: 32/33 MP: 0/7
  2585 | D:3      | Found a glowing golden altar of the Shining One.
  2672 | D:3      | Noticed Natasha
  2677 | D:2      | Reached XP level 5. HP: 31/38 MP: 0/8
  3035 | D:3      | Reached skill level 5 in Fire Magic
  3373 | D:3      | Killed Natasha
  3478 | D:3      | Noticed Natasha
  3479 | D:3      | Reached XP level 6. HP: 45/45 MP: 1/9
  3637 | D:3      | Learned a level 4 spell: Sticky Flame
  3673 | D:3      | Found a shattered altar of Ashenzari.
  3719 | D:3      | Killed Natasha
  3853 | D:3      | Noticed Natasha
  3858 | D:3      | Killed Natasha
  4304 | D:4      | Noticed Kilrog's ghost (amateur HaAs)
  4461 | D:4      | Noticed an ice beast
  4466 | D:4      | Killed an ice beast
  4538 | D:4      | Killed Kilrog's ghost
  4538 | D:4      | Reached skill level 5 in Conjurations
  4538 | D:4      | Your scales start taking on a fiery red colour.
  4538 | D:4      | Reached XP level 7. HP: 45/50 MP: 1/10
  4538 | D:4      | Gained mutation: Your flesh is heat resistant. (rF+) [Red Draconian growth]
  4831 | D:4      | Found Bial's Food Shop.
  5279 | D:4      | Found Mulecwoc's Jewellery Boutique.
  5280 | D:4      | Found Akluasuwk's Distillery.
  5298 | D:4      | Bought a potion of haste for 120 gold pieces
  5298 | D:4      | Bought a potion of curing for 36 gold pieces
  5298 | D:4      | Bought a potion of heal wounds for 60 gold pieces
  5911 | D:5      | Entered Level 5 of the Dungeon
  5994 | D:5      | Reached XP level 8. HP: 57/57 MP: 6/11
  6184 | D:5      | Found Sisaos's Armour Emporium.
  6463 | D:5      | Found a white marble altar of Elyvilon.
  7250 | D:6      | Reached skill level 10 in Fire Magic
  7264 | D:6      | Found a staircase to the Ecumenical Temple.
  7275 | Temple   | Entered the Ecumenical Temple
  8215 | D:7      | Found a radiant altar of Vehumet.
  8223 | D:7      | Became a worshipper of Vehumet
  8319 | D:7      | Learned a level 5 spell: Fireball
  8364 | D:7      | Reached XP level 9. HP: 59/62 MP: 8/14
  8773 | D:7      | Reached * piety under Vehumet
  8773 | D:7      | Offered knowledge of Sandblast by Vehumet.
  8951 | D:7      | Found a stormy altar of Qazlal.
  8991 | D:7      | Found a snail-covered altar of Cheibriados.
  9047 | D:7      | Noticed Menkaure
  9050 | D:7      | Killed Menkaure
  9410 | D:8      | Reached skill level 5 in Spellcasting
  9861 | D:8      | Noticed Joseph
 10378 | D:7      | Reached XP level 10. HP: 65/69 MP: 11/18
 10408 | D:8      | Reached ** piety under Vehumet
 10598 | D:8      | Found a staircase to the Lair.
 10621 | D:8      | Offered knowledge of Sting by Vehumet.
 11017 | D:9      | Noticed Erica
 11356 | D:9      | Found a burning altar of Makhleb.
 11358 | D:9      | Found a shattered altar of Ashenzari.
 11406 | D:9      | Killed Erica
 11821 | D:9      | Reached skill level 10 in Conjurations
 12110 | D:9      | Identified a +0 rod of shadows (11/11) (You found it on level 9 of the Dungeon)
 12121 | D:9      | Offered knowledge of Mephitic Cloud by Vehumet.
 12129 | D:9      | Learned a level 3 spell: Mephitic Cloud
 12494 | D:10     | Entered Level 10 of the Dungeon
 12628 | D:10     | Reached skill level 1 in Air Magic
 13226 | D:10     | Reached *** piety under Vehumet
 13238 | D:10     | Noticed a centaur warrior
 13256 | D:10     | Killed a centaur warrior
 13256 | D:10     | Reached XP level 11. HP: 21/74 MP: 4/22
 14282 | D:11     | Offered knowledge of Olgreb's Toxic Radiance by Vehumet.
 14647 | D:11     | Found Qiney's Food Boutique.
 14879 | D:11     | Found a staircase to the Orcish Mines.
 15037 | D:11     | Noticed mistymad's ghost (journeyman TeAE)
 15586 | D:11     | Noticed a hill giant
 15794 | Lair:1   | Entered Level 1 of the Lair of Beasts
 15818 | Lair:1   | Reached **** piety under Vehumet
 16187 | Lair:1   | Offered knowledge of Irradiate by Vehumet.
 17405 | Lair:1   | Reached XP level 12. HP: 71/81 MP: 14/23
 17999 | Lair:2   | Upgraded the game from 0.19.0-2-gae57169 to 0.19.0-9-gfd783f2
 18109 | Lair:2   | Noticed Urug
 18389 | Lair:2   | Reached skill level 15 in Fire Magic
 18889 | Lair:2   | Killed Urug
 18889 | Lair:2   | Reached skill level 1 in Fighting
 19333 | Lair:3   | Noticed Snorg
 19363 | Lair:3   | Killed Snorg
 19466 | Lair:3   | Found a staircase to the Shoals.
 19479 | Lair:3   | Learned a level 3 spell: Stone Arrow
 19544 | Lair:3   | Noticed a death yak
 19623 | Lair:3   | Noticed a death yak
 19623 | Lair:3   | Noticed a death yak
 19629 | Lair:3   | Killed a death yak
 19629 | Lair:3   | Reached ***** piety under Vehumet
 19632 | Lair:3   | Noticed a death yak
 19634 | Lair:3   | Killed a death yak
 19635 | Lair:3   | Killed a death yak
 19997 | Lair:3   | Killed a death yak
 20156 | Lair:3   | Reached XP level 13. HP: 84/99 MP: 20/24
 20279 | Lair:3   | Offered knowledge of Iskenderun's Battlesphere by Vehumet.
 20289 | Lair:3   | Learned a level 5 spell: Iskenderun's Battlesphere
 20370 | Lair:3   | Found a hole to the Spider Nest.
 20718 | Lair:3   | Reached skill level 5 in Fighting
 21812 | Lair:4   | Noticed Nessos
 22582 | Lair:5   | Noticed MDvedh's ghost (journeyman DgFE)
 22587 | Lair:5   | Killed MDvedh's ghost
 22818 | Lair:5   | Found a runed door.
 22819 | Lair:5   | Found a viscous altar of Jiyva.
 23673 | Lair:5   | Found a staircase to the Slime Pits.
 23798 | Lair:6   | Entered Level 6 of the Lair of Beasts
 24274 | Lair:6   | Offered knowledge of Bolt of Magma by Vehumet.
 24281 | Lair:6   | Learned a level 5 spell: Bolt of Magma
 24313 | Lair:6   | Reached XP level 14. HP: 67/111 MP: 7/27
 24630 | Lair:6   | Reached skill level 1 in Earth Magic
 26100 | Lair:6   | Reached skill level 15 in Conjurations
 26599 | Orc:1    | Entered Level 1 of the Orcish Mines
 27359 | Orc:2    | Entered Level 2 of the Orcish Mines
 27359 | Orc:2    | Found a staircase to the Elven Halls.
 27542 | Orc:2    | Offered knowledge of Delayed Fireball by Vehumet.
 27546 | Orc:2    | Reached skill level 10 in Spellcasting
 27679 | Orc:2    | Reached skill level 5 in Earth Magic
 28047 | Orc:2    | Found Quemepn's Assorted Antiques.
 28047 | Orc:2    | Found Zeysm's Assorted Antiques.
 28057 | Orc:2    | Bought a potion of curing for 78 gold pieces
 28057 | Orc:2    | Bought a potion of heal wounds for 130 gold pieces
 28427 | Orc:2    | Found a roughly hewn altar of Beogh.
 28482 | Orc:2    | Paralysed by an orc sorcerer for 3 turns
 28565 | Orc:2    | Found Ujappy's Jewellery Boutique.
 28565 | Orc:2    | Found Vidacoz's Antique Armour Emporium.
 28588 | Orc:2    | Bought the ring "Gyirch" {rPois rF+} for 442 gold pieces
 28715 | D:11     | Killed mistymad's ghost
 29164 | D:12     | Reached XP level 15. HP: 81/117 MP: 9/29
 30268 | D:13     | Noticed Frances
 30274 | D:13     | Killed Frances
 30547 | D:13     | Offered knowledge of Bolt of Fire by Vehumet.
 30558 | D:13     | Found a gate to the Vaults.
 30619 | D:13     | Noticed Erolcha
 30621 | D:13     | Killed Erolcha
 31621 | D:14     | Gained mutation: You are resistant to electric shocks. (rElec) [mutagenic meat]
 31831 | D:14     | Noticed Roxanne
 32363 | D:15     | Entered Level 15 of the Dungeon
 32689 | D:15     | Learned a level 6 spell: Bolt of Fire
 33524 | D:15     | Offered knowledge of Freezing Cloud by Vehumet.
 33899 | D:15     | Found a staircase to the Depths.
 34273 | Spider:1 | Entered Level 1 of the Spider Nest
 34751 | Spider:1 | Reached XP level 16. HP: 124/124 MP: 19/31
 36211 | Spider:1 | Reached ****** piety under Vehumet
 36232 | Spider:1 | Offered knowledge of Iron Shot by Vehumet.
 36240 | Spider:1 | Learned a level 6 spell: Iron Shot
 38087 | Spider:3 | Noticed Arachne
 38093 | Spider:3 | Killed Arachne
 38739 | Spider:4 | Entered Level 4 of the Spider Nest
 39212 | Spider:4 | Offered knowledge of Poison Arrow by Vehumet.
 39962 | Spider:4 | Reached XP level 17. HP: 131/134 MP: 15/33
 40495 | Spider:4 | Reached skill level 5 in Dodging
 40599 | Spider:4 | Got a gossamer rune of Zot
 41256 | D:11     | Bought a beef jerky for 21 gold pieces
 41256 | D:11     | Bought a slice of pizza for 21 gold pieces
 41256 | D:11     | Bought a bread ration for 70 gold pieces
 41256 | D:11     | Bought 5 fruits for 105 gold pieces
 41256 | D:11     | Bought a bread ration for 70 gold pieces
 41256 | D:11     | Bought a bread ration for 70 gold pieces
 41256 | D:11     | Bought a meat ration for 70 gold pieces
 41256 | D:11     | Bought a bread ration for 70 gold pieces
 41390 | D:4      | Bought a meat ration for 50 gold pieces
 41390 | D:4      | Bought a bread ration for 50 gold pieces
 41390 | D:4      | Bought a meat ration for 50 gold pieces
 41390 | D:4      | Bought a bread ration for 50 gold pieces
 41390 | D:4      | Bought a meat ration for 50 gold pieces
 41390 | D:4      | Bought a beef jerky for 15 gold pieces
 41390 | D:4      | Bought a meat ration for 50 gold pieces
 41390 | D:4      | Bought a slice of pizza for 15 gold pieces
 41390 | D:4      | Bought a bread ration for 50 gold pieces
 41390 | D:4      | Bought a bread ration for 50 gold pieces
 41390 | D:4      | Bought a fruit for 15 gold pieces
 41529 | Elf:1    | Entered Level 1 of the Elven Halls
 42376 | Elf:1    | Learned a level 2 spell: Swiftness
 42379 | Elf:1    | Learned a level 2 spell: Passwall
 43001 | Elf:1    | Reached skill level 10 in Fighting
 43315 | Elf:2    | Found a runed gate.
 43315 | Elf:2    | Found a runed gate.
 43315 | Elf:2    | Found a runed gate.
 43395 | Elf:2    | Offered knowledge of Lehudib's Crystal Spear by Vehumet.
 43395 | Elf:2    | Offered knowledge of Shatter by Vehumet.
 43395 | Elf:2    | Offered knowledge of Tornado by Vehumet.
 44256 | Elf:3    | Entered Level 3 of the Elven Halls
 44354 | Elf:3    | Found Kunnelusm's General Store.
 44360 | Elf:3    | Bought 2 potions of heal wounds for 130 gold pieces
 44380 | Elf:3    | Reached XP level 18. HP: 147/147 MP: 35/35
 44459 | Elf:3    | Noticed Nikola
 44465 | Elf:3    | Killed Nikola
 44931 | Elf:3    | Noticed a Hell Sentinel
 45899 | Elf:3    | Identified a scroll of acquirement
 45919 | Elf:3    | Learned a level 2 spell: Repel Missiles
 45922 | Elf:3    | Learned a level 2 spell: Blink
 45966 | Elf:3    | Identified Xivuot's Beginning Course on Magic
 45982 | Elf:3    | Got a glittering jade ring
 45984 | Elf:3    | Identified the ring of Discretion {+Fly rN+} (You found it on level 3 of the Elven Halls)
 46073 | Elf:3    | Identified Sif Muna's Catalogue of Venom and the Volcanoes
 46143 | Elf:3    | Got a shimmering hunting sling
 46144 | Elf:3    | Identified the +10 hunting sling "Umabe" {flame, Int+4 SInv} (You found it on level 3 of the Elven Halls)
 46151 | Elf:3    | Learned a level 2 spell: Sublimation of Blood
 46371 | Vaults:1 | Entered Level 1 of the Vaults
 46375 | Vaults:1 | Reached skill level 1 in Shields
 47370 | Vaults:1 | Gained mutation: You have a pair of small horns on your head. [mutagenic meat]
 48000 | Vaults:2 | Reached XP level 19. HP: 110/154 MP: 37/37
 48599 | Vaults:2 | Gained mutation: Your mind is acute. (Int +2) [mutagenic meat]
 48600 | Vaults:2 | Gained mutation: You have an increased reservoir of magic. (+10% MP) [mutagenic meat]
 49109 | Vaults:2 | Identified the Grimoire of Dung (You acquired it on level 2 of the Vaults)
 49119 | Vaults:2 | Learned a level 7 spell: Delayed Fireball
 50528 | Vaults:2 | Got a fine dagger
 50529 | Vaults:2 | Identified the +5 dagger of the Wolf {pierce, MR+ Int+4} (You found it on level 2 of the Vaults)
 50603 | Vaults:2 | Upgraded the game from 0.19.0-9-gfd783f2 to 0.19.0-11-g3fc08b3
 50817 | Vaults:3 | Reached skill level 10 in Earth Magic
 50943 | Vaults:3 | Reached skill level 15 in Spellcasting
 51586 | Vaults:3 | Reached XP level 20. HP: 161/161 MP: 43/43
 52344 | Vaults:3 | Found a staircase to the Crypt.
 52940 | Vaults:4 | Got a pitted dagger
 52941 | Vaults:4 | Identified the +6 dagger of Anguish {pierce, rElec Str-2 Dex+4} (You found it on level 4 of the Vaults)
 53529 | Vaults:4 | Found Henir's Antique Armour Emporium.
 53540 | Vaults:4 | Noticed Donald
 53541 | Vaults:4 | Killed Donald
 55337 | D:5      | Bought the +1 pair of gloves "Qazxet" {+Blink rC+} for 396 gold pieces
 55478 | Orc:2    | Bought a pair of boots for 121 gold pieces
 55865 | Depths:1 | Entered Level 1 of the Depths
 56014 | Depths:1 | Noticed Bai Suzhen
 56020 | Depths:1 | Killed Bai Suzhen
 56020 | Depths:1 | Reached XP level 21. HP: 168/168 MP: 34/45
 56234 | Depths:1 | Found a gateway to Hell.
 56386 | Depths:1 | Noticed Asterion
 56390 | Depths:1 | Killed Asterion
 57719 | Depths:2 | Noticed Saint Roka
 57826 | Depths:2 | Killed Saint Roka
 58309 | Depths:2 | Found an ancient bone altar of Kikubaaqudgha.
 58309 | Depths:2 | Noticed an ancient lich
 58313 | Depths:2 | Killed an ancient lich
 58557 | Depths:2 | Got a faintly glowing spear {freeze}
 58558 | Depths:2 | Identified the cursed +3 spear "Soleoz" {freeze, rC++ Str+3} (You took it off a yaktaur on level 2 of the Depths)
 59251 | Depths:2 | Reached XP level 22. HP: 174/174 MP: 17/47
 60220 | Depths:2 | Found an iron altar of Okawaru.
 60516 | Depths:2 | Got a smoking platinum ring
 60527 | Depths:2 | Identified the ring "Rucemull" {rF+ EV+3 Dex+4} (You found it on level 2 of the Depths)
 60953 | Depths:3 | Found Vumeoch's Antique Weapon Boutique.
 61019 | Depths:3 | Found Itaguiph's Armour Emporium.
 61076 | Depths:3 | Noticed Jory
 61430 | Depths:3 | Found a one-way gate leading to the halls of Pandemonium.
 61467 | Depths:3 | Found Ucsearih's Armour Shoppe.
 61475 | Depths:3 | Found Erenume's General Store.
 61489 | Depths:3 | Bought the +2 pair of boots of Uvinu {rF+ rC+ SInv} for 635 gold pieces
 61489 | Depths:3 | Bought a +2 cloak of magic resistance for 344 gold pieces
 61792 | Depths:3 | Noticed Sojobo
 62168 | Depths:3 | Killed Sojobo
 62323 | Depths:3 | Found Jetyfi's Jewellery Shoppe.
 62429 | Depths:3 | Killed Jory
 63775 | Depths:4 | Found Olala's Armour Emporium.
 63852 | Depths:3 | Bought a scroll of acquirement for 832 gold pieces
 63864 | Depths:4 | Noticed Boris
 63937 | Depths:3 | Reached XP level 23. HP: 181/181 MP: 49/49
 64125 | Depths:4 | Found a gateway to a ziggurat.
 64571 | Depths:4 | Killed Boris
 64970 | Depths:4 | Found a one-way gate to the infinite horrors of the Abyss.
 65853 | Depths:4 | Noticed a caustic shrike
 66311 | Depths:4 | Got a polished quarterstaff
 66318 | Depths:4 | Got a scorched scythe
 66322 | Depths:4 | Identified the +7 quarterstaff "Nofoa" {pain, +Blink +Rage rC+++ Dex-3 Stlth-} (You found it on level 4 of the Depths)
 66323 | Depths:4 | Identified the cursed +3 scythe of Pesaph {slice, rF+} (You found it on level 4 of the Depths)
 66488 | Depths:5 | Entered Level 5 of the Depths
 67706 | Depths:5 | Found a gate to the Realm of Zot.
 67711 | Depths:5 | Reached XP level 24. HP: 136/189 MP: 50/50
 68300 | Lair:1   | Learned a level 7 spell: Ring of Flames
 68307 | Lair:1   | Learned a level 6 spell: Freezing Cloud
 68422 | Shoals:1 | Entered Level 1 of the Shoals
 70076 | Shoals:3 | Found Peud's Assorted Antiques.
 70156 | Shoals:3 | Found Wiqen's Magic Scroll Emporium.
 70165 | Shoals:3 | Bought a scroll of acquirement for 988 gold pieces
 70313 | Lair:1   | Learned a level 9 spell: Fire Storm
 70702 | Shoals:3 | Found Ypriv's Armour Shop.
 70705 | Shoals:3 | Found a gateway to a bazaar.
 70714 | Bazaar   | Entered a bazaar
 70716 | Bazaar   | Found Bosmatan's Weapon Boutique.
 70720 | Bazaar   | Found Pewuet Usiu's Gadget Boutique.
 70720 | Bazaar   | Found Uvoug's Weapon Boutique.
 70721 | Bazaar   | Found Atoimur's Gadget Boutique.
 71102 | Shoals:4 | Entered Level 4 of the Shoals
 71131 | Shoals:4 | Noticed Lluna's ghost (adept SpAs)
 71137 | Shoals:4 | Killed Lluna's ghost
 71601 | Shoals:4 | Got a steaming war axe {distort}
 72006 | Shoals:4 | Noticed Ilsuiw
 72011 | Shoals:4 | Killed Ilsuiw
 72471 | Shoals:4 | Got a barnacled rune of Zot
 72728 | Lair:1   | Identified a +0 rod of inaccuracy (14/14) (You found it on level 3 of the Shoals)
 73276 | Slime:1  | Entered Level 1 of the Pits of Slime
 74674 | Slime:2  | Lost mutation: You have an increased reservoir of magic. (+10% MP) [a shining eye]
 75878 | Slime:5  | Entered Level 5 of the Pits of Slime
 75932 | Slime:5  | Noticed the Royal Jelly
 76197 | Slime:5  | Reached XP level 25. HP: 194/194 MP: 46/46
 77471 | Slime:5  | Killed the Royal Jelly
 77471 | Slime:5  | Reached skill level 27 in Fire Magic
 77513 | Slime:5  | Identified the Tome of the Entourage and the Arsonist
 77566 | Slime:5  | Got a sparkling graven amulet
 77581 | Slime:5  | Got a slimy rune of Zot
 77589 | Slime:5  | Identified the amulet "Poeffun" {+Rage rF+ rC+} (You found it on level 5 of the Pits of Slime)
 77598 | Slime:5  | Identified a +6 rod of inaccuracy (12/12) (You found it on level 5 of the Pits of Slime)
 77630 | Slime:5  | Identified Movuen's Disquisition on Ghastly Heat
 78348 | Vaults:5 | Entered Level 5 of the Vaults
 79310 | D:8      | Killed Joseph
 80197 | Zot:1    | Entered Level 1 of the Realm of Zot
 81619 | Zot:1    | Reached XP level 26. HP: 202/202 MP: 28/48
 81920 | Zot:2    | Noticed an orb of fire
 81926 | Zot:2    | Gained mutation: You have large cloven feet. [an orb of fire]
 81928 | Zot:2    | Gained mutation: You expend magic power (3 MP) to strengthen your wands. [an orb of fire]
 81935 | Zot:2    | Killed an orb of fire
 82372 | Zot:3    | Learned a level 8 spell: Lehudib's Crystal Spear
 82484 | Zot:3    | Found a huge runed gate.
 82484 | Zot:3    | Found a huge runed gate.
 82484 | Zot:3    | Found a huge runed gate.
 82484 | Zot:3    | Found a huge runed gate.
 82484 | Zot:3    | Found a huge runed gate.
 82484 | Zot:3    | Found a huge runed gate.
 82484 | Zot:3    | Found a huge runed gate.
 82484 | Zot:3    | Found a huge runed gate.
 82484 | Zot:3    | Found a huge runed gate.
 82484 | Zot:3    | Found a huge runed gate.
 83127 | Zot:3    | Reached skill level 1 in Charms
 83178 | Zot:3    | Reached skill level 5 in Shields
 83974 | Zot:3    | Found a huge runed gate.
 83974 | Zot:3    | Found a huge runed gate.
 83974 | Zot:3    | Found a huge runed gate.
 83975 | Zot:3    | Found a huge runed gate.
 83976 | Zot:3    | Found a huge runed gate.
 83978 | Zot:3    | Found a huge runed gate.
 83979 | Zot:3    | Found a huge runed gate.
 83979 | Zot:3    | Found a huge runed gate.
 84024 | Zot:3    | Noticed an orb of fire
 84024 | Zot:3    | Noticed an ancient lich
 84024 | Zot:3    | Noticed an orb of fire
 84024 | Zot:3    | Noticed an orb of fire
 84024 | Zot:3    | Noticed an orb of fire
 84024 | Zot:3    | Noticed an orb of fire
 84034 | Zot:2    | Killed an orb of fire
 84194 | Zot:2    | Killed an orb of fire
 84500 | Zot:3    | Killed an ancient lich
 84503 | Zot:3    | Killed an orb of fire
 84636 | Zot:3    | Killed an orb of fire
 85117 | Zot:3    | Gained mutation: You regenerate slowly when monsters are visible. [an orb of fire]
 85118 | Zot:3    | Killed an orb of fire
 85401 | Zot:4    | Reached XP level 27. HP: 215/215 MP: 34/48
 85424 | Zot:4    | Reached skill level 10 in Dodging
 86179 | Zot:5    | Entered Level 5 of the Realm of Zot
 86824 | Zot:5    | Noticed an orb of fire
 86827 | Zot:5    | Killed an orb of fire
 86939 | Zot:5    | Noticed an orb of fire
 86941 | Zot:5    | Gained mutation: Your magical capacity is low. (-10% MP) [an orb of fire]
 86942 | Zot:5    | Killed an orb of fire
 87010 | Zot:5    | Noticed an orb of fire
 87019 | Zot:5    | Killed an orb of fire
 87228 | Zot:5    | Noticed an orb of fire
 87231 | Zot:5    | Killed an orb of fire
 87319 | Zot:5    | Noticed an orb of fire
 87358 | Zot:5    | Killed an orb of fire
 87384 | Zot:5    | Noticed an orb of fire
 87434 | Zot:5    | Killed an orb of fire
 87434 | Zot:5    | Reached skill level 10 in Shields
 88061 | Zot:5    | Noticed an orb of fire
 88062 | Zot:5    | Noticed an orb of fire
 88066 | Zot:5    | Gained mutation: You are weak. (Str -2) [an orb of fire]
 88072 | Zot:5    | Killed an orb of fire
 88073 | Zot:5    | Killed an orb of fire
 88075 | Zot:5    | Noticed an orb of fire
 88083 | Zot:5    | Killed an orb of fire
 88291 | Zot:5    | Noticed an ancient lich
 88296 | Zot:5    | Killed an ancient lich
 89023 | Lair:1   | Lost mutation: Your mind is acute. (Int +2) [potion of cure mutation]
 89023 | Lair:1   | Lost mutation: You are weak. (Str -2) [potion of cure mutation]
 89023 | Lair:1   | Lost mutation: You expend magic power (3 MP) to strengthen your wands. [potion of cure mutation]
 89023 | Lair:1   | Lost mutation: You have a pair of small horns on your head. [potion of cure mutation]
 89024 | Lair:1   | Lost mutation: You have large cloven feet. [potion of cure mutation]
 89024 | Lair:1   | Lost mutation: You regenerate slowly when monsters are visible. [potion of cure mutation]
 89024 | Lair:1   | Lost mutation: Your magical capacity is low. (-10% MP) [potion of cure mutation]
 89926 | Zot:5    | Noticed an orb of fire
 89926 | Zot:5    | Gained mutation: Your body sometimes deteriorates upon taking damage. [an orb of fire]
 89931 | Zot:5    | Killed an orb of fire
 90924 | Vaults:5 | Reached skill level 15 in Fighting
 91545 | Vaults:5 | Got a silver rune of Zot
 91740 | Vaults:5 | Identified Lochypis's Catalogue of Flight and Hexes
 92112 | Crypt:1  | Entered Level 1 of the Crypt
 92894 | Crypt:3  | Entered Level 3 of the Crypt
 92963 | Crypt:2  | Noticed an ancient lich
 92966 | Crypt:2  | Killed an ancient lich
 93220 | Crypt:2  | Got a pair of jewelled gloves
 93221 | Crypt:2  | Identified the +2 pair of gloves "Feafau" {rPois Str-2 Dex+3 Stlth+} (You found it on level 2 of the Crypt)
 94436 | Crypt:3  | Found a staircase to the Tomb.
 94523 | Crypt:3  | Reached skill level 1 in Necromancy
 94760 | Crypt:3  | Found an ancient bone altar of Kikubaaqudgha.
 94767 | Crypt:3  | Found a basalt altar of Yredelemnul.
 94795 | Crypt:3  | Identified Orasm's Papyrus of Evil
 94800 | Crypt:3  | Identified the Collected Works on the Assistive Birds
 94815 | Crypt:3  | Learned a level 8 spell: Necromutation
 94918 | Tomb:1   | Entered Level 1 of the Tomb of the Ancients
 95250 | D:14     | Killed Roxanne
 95250 | D:14     | Reached skill level 1 in Transmutations
 95255 | D:14     | Identified Roxanne's Tome of Stones (You took it off Roxanne on level 14 of the Dungeon)
 95444 | Lair:1   | Learned a level 6 spell: Statue Form
 96820 | Tomb:1   | Noticed a greater mummy
 96827 | Tomb:1   | Killed a greater mummy
 97234 | Tomb:1   | Noticed a greater mummy
 97237 | Tomb:1   | Killed a greater mummy
 97696 | Tomb:2   | Noticed a greater mummy
 97696 | Tomb:2   | Noticed a greater mummy
 97696 | Tomb:2   | Noticed a greater mummy
 97696 | Tomb:2   | Noticed a greater mummy
 97908 | Tomb:2   | Reached skill level 27 in Conjurations
 97911 | Tomb:2   | Killed a greater mummy
 97911 | Tomb:2   | Reached skill level 5 in Transmutations
 97912 | Tomb:2   | Killed a greater mummy
 97912 | Tomb:2   | Reached skill level 5 in Necromancy
 97912 | Tomb:2   | Killed a greater mummy
 97913 | Tomb:2   | Killed a greater mummy
 98689 | Tomb:1   | Noticed a greater mummy
 98690 | Tomb:1   | Noticed a greater mummy
 98692 | Tomb:1   | Killed a greater mummy
 98692 | Tomb:1   | Killed a greater mummy
 98701 | Tomb:1   | Noticed a greater mummy
 98703 | Tomb:1   | Killed a greater mummy
 98712 | Tomb:1   | Noticed a greater mummy
 99007 | Tomb:1   | Killed a greater mummy
 99096 | Tomb:1   | Noticed a greater mummy
 99096 | Tomb:1   | Noticed a greater mummy
 99101 | Tomb:1   | Killed a greater mummy
 99248 | Tomb:1   | Killed a greater mummy
 99368 | Tomb:1   | Noticed a greater mummy
 99372 | Tomb:1   | Killed a greater mummy
 99381 | Tomb:1   | Noticed a greater mummy
 99386 | Tomb:1   | Killed a greater mummy
 99448 | Tomb:1   | Noticed a greater mummy
 99452 | Tomb:1   | Killed a greater mummy
 99647 | Tomb:1   | Noticed a greater mummy
 99651 | Tomb:1   | Noticed a greater mummy
 99651 | Tomb:1   | Killed a greater mummy
100030 | Tomb:1   | Killed a greater mummy
100126 | Tomb:1   | Noticed a greater mummy
100131 | Tomb:1   | Noticed a greater mummy
100131 | Tomb:1   | Killed a greater mummy
100159 | Tomb:1   | Killed a greater mummy
100417 | Tomb:1   | Noticed a greater mummy
100422 | Tomb:1   | Killed a greater mummy
100632 | Tomb:1   | Noticed a greater mummy
100636 | Tomb:1   | Killed a greater mummy
101285 | Lair:1   | Learned a level 3 spell: Regeneration
101432 | Slime:5  | Lost mutation: You are resistant to electric shocks. (rElec) [potion of cure mutation]
101432 | Slime:5  | Lost mutation: Your body sometimes deteriorates upon taking damage. [potion of cure mutation]
101886 | Zig:1    | Entered Level 1 of a ziggurat
101908 | Zig:2    | Entered Level 2 of a ziggurat
101935 | Zig:3    | Entered Level 3 of a ziggurat
101941 | Zig:3    | Noticed a greater mummy
101944 | Zig:3    | Killed a greater mummy
101956 | Zig:3    | Got a crude marble ring
101968 | Zig:3    | Identified the ring of Bumat {+Blink rN+ Int+2} (You found it on level 3 of a ziggurat)
102023 | Zig:4    | Entered Level 4 of a ziggurat
102077 | Zig:5    | Entered Level 5 of a ziggurat
102109 | Zig:6    | Entered Level 6 of a ziggurat
102161 | Zig:7    | Entered Level 7 of a ziggurat
102168 | Zig:7    | Noticed Ysabbac the pandemonium lord
102178 | Zig:7    | Killed Ysabbac the pandemonium lord
102236 | Zig:8    | Entered Level 8 of a ziggurat
102242 | Zig:8    | Noticed an ancient lich
102243 | Zig:8    | Noticed an ancient lich
102243 | Zig:8    | Killed an ancient lich
102244 | Zig:8    | Killed an ancient lich
102244 | Zig:8    | Reached skill level 10 in Necromancy
102244 | Zig:8    | Reached skill level 10 in Transmutations
102256 | Zig:8    | Identified the Reference Book on Blistering Lightness
102314 | Zig:9    | Entered Level 9 of a ziggurat
102381 | Zig:10   | Entered Level 10 of a ziggurat
102389 | Zig:10   | Reached skill level 1 in Translocations
102463 | Zig:11   | Entered Level 11 of a ziggurat
102601 | Zig:12   | Entered Level 12 of a ziggurat
102614 | Zig:12   | Noticed an ancient lich
102614 | Zig:12   | Killed an ancient lich
102614 | Zig:12   | Reached skill level 5 in Air Magic
102674 | Zig:13   | Entered Level 13 of a ziggurat
102712 | Zig:13   | Identified the Disquisition on Augmentations and Malediction
102722 | Zig:13   | Identified the Compendium of Creative Feathers
102755 | Zig:14   | Entered Level 14 of a ziggurat
102765 | Zig:14   | Noticed an ancient lich
102765 | Zig:14   | Reached skill level 5 in Translocations
102768 | Zig:14   | Killed an ancient lich
102769 | Zig:14   | Noticed an ancient lich
102769 | Zig:14   | Killed an ancient lich
102796 | Zig:14   | Reached skill level 15 in Dodging
102820 | Zig:14   | Identified the Grimoire of Unholy Magic and the Mountains
102843 | Zig:15   | Entered Level 15 of a ziggurat
102938 | Zig:16   | Entered Level 16 of a ziggurat
102956 | Zig:16   | Noticed Dety the pandemonium lord
102957 | Zig:16   | Killed Dety the pandemonium lord
102998 | Zig:16   | Gained mutation: Your tail ends in a poisonous barb. [potion of beneficial mutation]
103069 | Zig:17   | Entered Level 17 of a ziggurat
103088 | Zig:17   | Noticed an ancient lich
103089 | Zig:17   | Killed an ancient lich
103170 | Zig:17   | Identified the Grimoire of Lucky Ignition
103184 | Zig:17   | Got a brightly glowing turquoise ring
103186 | Zig:17   | Got a vibrating bone ring
103193 | Zig:17   | Identified the ring "Jutes" {*Corrode rPois rF+ Str+9 Slay-4} (You found it on level 17 of a ziggurat)
103194 | Zig:17   | Identified the ring "Haimaval" {Str+5 Int+3 Stlth+} (You found it on level 17 of a ziggurat)
103225 | Zig:18   | Entered Level 18 of a ziggurat
103317 | Zig:18   | Got a faintly glowing marble ring
103333 | Zig:18   | Identified the ring of Gireddul {rElec rF+ MR+} (You found it on level 18 of a ziggurat)
103400 | Zig:19   | Entered Level 19 of a ziggurat
103411 | Zig:19   | Reached skill level 10 in Air Magic
103414 | Zig:19   | Noticed Wadewk the pandemonium lord
103416 | Zig:19   | Killed Wadewk the pandemonium lord
103417 | Zig:19   | HP: 7/319 [shot self (61)]
103417 | Zig:19   | Killed from afar by a Hell Sentinel

Skill      XL: |  1  2  3  4  5  6  7  8  9 10 11 12 13 14 15 16 17 18 19 20 21 22 23 24 25 26 27 |
---------------+----------------------------------------------------------------------------------+-----
Conjurations   | 2 3 4 5 6 7 9 10 12 13 14 15 16 17 18 19 20 21 22 23 24 25 27 | 27.0
Fire Magic     | 4 5 7 9 10 11 12 14 16 17 18 19 20 21 22 23 24 25 26 27 | 27.0
Spellcasting   | 3 5 7 9 10 11 12 13 14 15 16 17 18 19 21 25 | 25.2
Air Magic      | 2 4 10 | 10.2
Fighting       | 4 6 8 10 11 20 | 20.2
Earth Magic    | 5 8 9 10 12 13 14 | 14.0
Dodging        | 4 6 8 9 17 | 17.3
Shields        | 3 4 7 13 | 13.2
Charms         | 4 |  4.0
Necromancy     | 13 | 13.6
Transmutations | 13 | 13.4
Translocations | 9 |  9.7
Stealth        | |  1.7

Action                   |  1- 3 |  4- 6 |  7- 9 | 10-12 | 13-15 | 16-18 | 19-21 | 22-24 | 25-27 || total
-------------------------+-------+-------+-------+-------+-------+-------+-------+-------+-------++-------
Melee: Unarmed           |    53 |    63 |       |       |       |       |       |       |       ||   116
       Tailslap          |     3 |     9 |    23 |    15 |     3 |     1 |     1 |     2 |    14 ||    71
       Spear             |    34 |       |       |       |       |       |       |       |       ||    34
       Dagger            |       |     1 |       |       |       |       |       |       |       ||     1
       Short sword       |       |    10 |   200 |   175 |       |       |       |       |       ||   385
       Flail             |       |     4 |    42 |       |       |       |       |       |       ||    46
       Scimitar          |       |       |       |    21 |       |       |       |       |       ||    21
       Staff             |       |       |       |     8 |    21 |    17 |     2 |     5 |    91 ||   144
       Demon trident     |       |       |       |       |       |     3 |       |     5 |    13 ||    21
       Headbutt          |       |       |       |       |       |       |     1 |     3 |     4 ||     8
Throw: Tomahawk          |       |     8 |    46 |    38 |    11 |     1 |       |       |       ||   104
 Cast: Flame Tongue      |    50 |   129 |   292 |   343 |   393 |   156 |   127 |     3 |     2 ||  1495
       Conjure Flame     |     1 |     1 |       |     6 |       |       |       |       |       ||     8
       Sticky Flame      |       |       |    17 |   107 |    84 |    48 |    20 |     8 |       ||   284
       Fireball          |       |       |       |    29 |   185 |    80 |   118 |   305 |    60 ||   777
       Mephitic Cloud    |       |       |       |     1 |     1 |     1 |       |       |       ||     3
       Stone Arrow       |       |       |       |     2 |     4 |       |       |       |       ||     6
       Bolt of Magma     |       |       |       |       |    88 |    36 |       |       |       ||   124
       Iskenderun's Batt |       |       |       |       |    62 |    37 |    76 |    15 |       ||   190
       Bolt of Fire      |       |       |       |       |    25 |   333 |   404 |   464 |   482 ||  1708
       Iron Shot         |       |       |       |       |       |    66 |    69 |   142 |    73 ||   350
       Blink             |       |       |       |       |       |     2 |     1 |     1 |     8 ||    12
       Repel Missiles    |       |       |       |       |       |     1 |     6 |     5 |     5 ||    17
       Delayed Fireball  |       |       |       |       |       |       |    22 |    37 |    15 ||    74
       Swiftness         |       |       |       |       |       |       |     1 |       |     4 ||     5
       Fire Storm        |       |       |       |       |       |       |       |     3 |   233 ||   236
       Ring of Flames    |       |       |       |       |       |       |       |       |     4 ||     4
       Lehudib's Crystal |       |       |       |       |       |       |       |       |   240 ||   240
       Sublimation of Bl |       |       |       |       |       |       |       |       |    17 ||    17
       Statue Form       |       |       |       |       |       |       |       |       |    36 ||    36
 Abil: Breathe Fire      |       |       |     1 |    40 |    58 |    13 |     2 |     1 |     1 ||   116
       Release Delayed F |       |       |       |       |       |       |    22 |    37 |    12 ||    71
Evoke: Wand              |       |       |       |     6 |       |     5 |       |     3 |     3 ||    17
       Sack of spiders   |       |       |       |       |       |       |       |       |     1 ||     1
  Use: Scroll            |     3 |       |       |    22 |    15 |    12 |    15 |    14 |    39 ||   120
       Potion            |       |       |     1 |     2 |     1 |     6 |     1 |     2 |    23 ||    36
 Stab: Sleeping          |     1 |       |     1 |     2 |     1 |       |       |       |       ||     5
  Eat: Chunk             |     3 |    10 |    19 |    40 |    79 |    74 |    75 |    55 |    57 ||   412
       Beef jerky        |       |     1 |     1 |     1 |     2 |     9 |       |     3 |     4 ||    21
       Pizza             |       |       |     1 |     2 |     1 |     4 |       |     1 |     2 ||    11
       Fruit             |       |       |     1 |     5 |    15 |     5 |     6 |    12 |     3 ||    47
       Meat ration       |       |       |       |     1 |     3 |     3 |     2 |     2 |    21 ||    32
       Bread ration      |       |       |       |       |     2 |    10 |     3 |     1 |     9 ||    25
       Royal jelly       |       |       |       |       |       |     1 |     1 |       |     1 ||     3
Armor: Skin              |    47 |    44 |   137 |   104 |    49 |    85 |    55 |    64 |   173 ||   758
Dodge: Dodged            |    77 |   101 |   210 |   202 |   107 |   146 |    89 |    90 |   334 ||  1356
       Deflected         |       |       |       |       |       |     1 |    25 |    21 |    22 ||    69
Block: Buckler           |       |       |       |       |       |     2 |    58 |    43 |   223 ||   326
       Rpst.: Scimitar   |       |       |       |     7 |       |       |       |       |       ||     7
